 Dungeon Crawl Stone Soup version 0.31-a0-1-g4198be8af4 (webtiles) character file.

Game seed: 404235979470381646

28303 Sobieck the Bewitcher (level 13, -3/58 HPs)
             Began as a Spriggan Venom Mage on May 2, 2023.
             Was a High Priest of Sif Muna.
             Slain by a catoblepas (11 damage)
             ... while petrified by a catoblepas
             ... on level 1 of the Lair of Beasts.
             The game lasted 00:51:28 (16957 turns).

Sobieck the Bewitcher (Spriggan Venom Mage)        Turns: 16957, Time: 00:51:29

Health: -3/58      AC:  5    Str:  4    XL:     13   Next: 9%
Magic:  36/36      EV:  4    Int: 20    God:    Sif Muna [*****.]
Gold:   574        SH:  0    Dex: 17    Spells: 2/30 levels left

rFire   + . .        e - staff of poison {!astaff}
rCold   . . .        (shield currently unavailable)
rNeg    + + +        l - +2 robe {rF+}
rPois   ∞            (helmet restricted)
rElec   .            Y - +0 cloak {rPois}
rCorr   .            (gloves unavailable)
SInv    +            (boots unavailable)
Will    ++...        v - amulet of magic regeneration {@e2}
Stlth   ++++         p - ring of wizardry
HPRegen 0.29/turn    T - ring of magical power
MPRegen 0.65/turn

%: wizardry (x1)
@: petrified, studying Translocations, very quick
A: very small, no large weapons, unfitting armour, see invisible, speed 3
a: Renounce Religion, Channel Magic, Forget Spell, Divine Exegesis


You were on level 1 of the Lair of Beasts.
You worshipped Sif Muna.
Sif Muna was extremely pleased with you.
You visited 4 branches of the dungeon, and saw 16 of its levels.

You collected 1296 gold pieces.
You spent 722 gold pieces at shops.


Innate Abilities, Weirdness & Mutations

You are very small and have problems with some larger weapons.
You are too small for most types of armour.
You have supernaturally acute eyesight. (SInv)
You cover ground extremely quickly. (Speed+++)


   Skills:
 - Level 2.0 Fighting
 - Level 7.0 Dodging
 - Level 9.0 Stealth
 - Level 9.0 Spellcasting
 - Level 3.0 Conjurations
 + Level 15.9 Hexes
 - Level 1.3 Transmutations
 - Level 7.0 Earth Magic
 - Level 10.0 Poison Magic
 - Level 7.0 Invocations


You had 2 spell levels left.
You knew the following spells:

 Your Spells              Type           Power      Damage    Failure   Level
a - Olgreb's Toxic Radia  Pois           65%        N/A       1%          4
b - Yara's Violent Unrav  Hex/Tmut       21%        3d10      2%          5
c - Silence               Hex/Air        20%        N/A       3%          5
d - Discord               Hex            32%        N/A       28%         8
e - Stone Arrow           Conj/Erth      58%        3d10      1%          3
f - Tukima's Dance        Hex            64%        N/A       1%          3

Your spell library contained the following spells:

 Spells                   Type           Power      Damage    Failure   Level
 Slow                     Hex            100%       N/A       0%          1
 Sandblast                Erth           74%        2d16      1%          1
 Shock                    Conj/Air       60%        1d6       1%          1
 Sting                    Tmut/Pois      100%       1d8       1%          1
 Ensorcelled Hibernation  Hex/Ice        80%        N/A       1%          2
 Passwall                 Tmut/Erth      20%        N/A       1%          2
 Poisonous Vapours        Pois/Air       86%        N/A       1%          2
 Scorch                   Fire           18%        2d5       4%          2
 Ignite Poison            Fire/Tmut/Pois 36%        N/A       1%          3
 Inner Flame              Hex/Fire       40%        N/A       1%          3
 Mephitic Cloud           Conj/Pois/Air  39%        N/A       1%          3
 Swiftness                Air            9%         N/A       9%          3
 Vhi's Electric Charge    Tloc/Air       18%        N/A       9%          3
 Flame Wave               Conj/Fire      15%        2d7       16%         4
 Sticky Flame             Conj/Fire      15%        2d4       16%         4
 Airstrike                Air            4%         2d(1-17)  28%         4
 Summon Cactus Giant      Summ           4%         N/A       98%         6
 Ignition                 Fire           4%         3d4       100%        8

Inventory:

Hand Weapons
 n - a +2 dagger of electrocution {short}
   (You took it off an orc priest on level 9 of the Dungeon)
 B - a +0 scimitar of distortion {!wlong}
   (You took it off an orc warrior on level 1 of the Orcish Mines)
 I - a +5 trident {polearm}
   (You took it off a wight on level 5 of the Dungeon)
 L - a +1 whip of flaming {mace}
   (You took it off Pikel on level 6 of the Dungeon)
 R - a +3 dagger {short}
   (You took it off an orc wizard on level 6 of the Dungeon)
 X - a +2 quarterstaff of chaos {staff}
   (You took it off Crazy Yiuf on level 2 of the Dungeon)
Missiles
 s - 2 atropa-tipped darts {throwing}
 t - 24 boomerangs {throwing}
 P - 14 poisoned darts {throwing}
 W - a throwing net {=f!fthrowing}
Armour
 l - a +2 robe of fire resistance (worn)
   (You took it off Sigmund on level 2 of the Dungeon)
 F - a +0 robe
   (You took it off a wight on level 5 of the Dungeon)
 J - a +0 robe
   (You took it off a wight on level 5 of the Dungeon)
 M - a +2 robe of positive energy
   (You took it off Pikel on level 6 of the Dungeon)
 N - a scarf of invisibility
   (You found it on level 6 of the Dungeon)
 Q - a +0 robe
   (You took it off an orc wizard on level 6 of the Dungeon)
 Y - a +0 cloak of poison resistance (worn)
   (You took it off Crazy Yiuf on level 2 of the Dungeon)
Magical Staves
 e - a staff of poison (weapon) {!astaff}
   (You found it on level 1 of the Dungeon)
 f - a staff of air {!astaff}
   (You found it on level 10 of the Dungeon)
Jewellery
 d - an amulet of the acrobat
   (You found it on level 11 of the Dungeon)
 p - a ring of wizardry (left hand)
   (You bought it in a shop on level 6 of the Dungeon)
 v - an amulet of magic regeneration (around neck) {@e2}
   (You took it off a hobgoblin on level 3 of the Dungeon)
 C - a ring of flight
   (You found it on level 5 of the Dungeon)
 K - a ring of resist corrosion
   (You found it on level 1 of the Lair of Beasts)
 O - a ring of ice
   (You found it on level 6 of the Dungeon)
 T - a ring of magical power (right hand)
   (You bought it in a shop on level 6 of the Dungeon)
 U - a +4 ring of protection
   (You found it on level 7 of the Dungeon)
 Z - an amulet of regeneration {@e2}
   (You found it on level 8 of the Dungeon)
Wands
 i - a wand of digging (3)
   (You found it on level 8 of the Dungeon)
 y - a wand of charming (33)
   (You found it on level 3 of the Dungeon)
 S - a wand of mindburst (7)
   (You found it on level 1 of the Lair of Beasts)
Scrolls
 c - 2 scrolls of noise {!r}
 k - 5 scrolls of teleportation {@r4}
 m - a scroll of torment {unknown}
 o - a scroll of blinking {!r}
 w - 3 scrolls of immolation {!r!r}
 x - 2 scrolls of enchant armour
 E - a scroll of fear
 V - a scroll of enchant weapon
Potions
 a - 7 potions of ambrosia
 b - 2 potions of magic
 g - 7 potions of curing {@q1}
 h - 2 potions of degeneration {!q@e2}
 j - 2 potions of lignification {!q}
 q - a potion of haste {@q3}
 r - 3 potions of heal wounds {@q2}
 u - 2 potions of berserk rage {!q}
 z - a potion of attraction {!q}
 A - 4 potions of flight
 D - 2 potions of might
 G - 2 potions of invisibility
 H - a potion of cancellation

Dungeon Overview and Level Annotations

Branches:
Dungeon (11/15) Zot: 26500  Temple (1/1) D:7 Zot: 5943    Lair (2/5) D:10 Zot: 11281
    Orc (2/2) D:11 Zot: 9802     Elf (0/3) Orc:2
  Swamp: Lair:2-3    Shoals: Lair:2-3     Snake: Lair:2-3    Spider: Lair:2-3

Altars:
Ashenzari
Cheibriados
Dithmenos
Elyvilon
Fedhas
Gozag
Hepliaklqana
Kikubaaqudgha
Makhleb
Nemelex Xobeh
Okawaru
Qazlal
Ru
Sif Muna
Trog
Uskayaw
Vehumet
Wu Jian
Xom
Yredelemnul
Zin
The Shining One

Shops:
D:6 =   D:7 [   Orc:2 (?**

Portals:
Abyss: Orc:1

Annotations:
D:9 3 runed translucent doors, Vadun's ghost, novice TrMo
D:10 3 runed translucent doors, TrollFarmer's ghost, journeyman HOBe
D:11 exclusion: centaur warrior
Orc:1 2 transporters, BlasphemerAmon's ghost, novice TrMo

#..# #.......# #P.#
##.####### ##.# #..#
#..# #..## ##.####
###..##
######..##.###.#.#.#####
.................).....#
#####.##........YY.....#
####........@Y.....#
#..........Y.....#
##...............#
##...............#
#................#
#####...............#
####.###...............#
..................[....#
#.######.##P#P†.########


You could see 3 death yaks and a catoblepas.


Message History

Danger!
Unknown command.
Unknown command.
The stone arrow hits the wolf!!
The death yak bellows!
The wolf misses you. The wolf closely misses you.
Unknown command.
Casting: Stone Arrow (safe; 1% risk of failure)
Confirm with . or Enter, or press ? or * to list all spells.
You feel a surge of power!
You begin to radiate toxic energy.
The death yak is poisoned. x5; The catoblepas is poisoned.
The yak is poisoned. x2
The wolf is poisoned. x3
You kill the wolf!
Sif Muna accepts your kill.
The wolf is poisoned.
The death yak looks even sicker. x3
The yak looks even sicker.
The wolf looks even sicker. x2
The wolf completely misses you. The wolf bites you.
Unknown command.
The death yak looks even sicker. x2; The catoblepas looks even sicker.
The yak looks even sicker.
The wolf looks even sicker. x2
The wolf barely misses you. The cane toad stings you. x2
You climb upwards.
The yak looks as sick as possible!
The wolf looks even sicker.
The wolf looks as sick as possible!
There is a stone staircase leading down here.
Unknown command.
Unknown command.
Casting: Olgreb's Toxic Radiance (dangerous; 1% risk of failure)
Confirm with . or Enter, or press ? or * to list all spells.
Okay, then.
Unknown command.
Casting: Olgreb's Toxic Radiance (dangerous; 1% risk of failure)
Confirm with . or Enter, or press ? or * to list all spells.
You feel a surge of power!
Your toxic radiance grows in intensity.
The yak looks as sick as possible! x2; The wolf looks even sicker.
The wolf looks as sick as possible!
You kill the wolf!
Sif Muna accepts your kill. The yak closely misses you.
The cane toad stings you.
Unknown command.
Unknown command.
Unknown command.
The stone arrow hits the yak!
The wolf looks as sick as possible!
You kill the yak!
Sif Muna accepts your kill. The wolf completely misses you.
The cane toad completely misses you.
Unknown command.
The stone arrow misses the wolf.
The wolf looks as sick as possible!
Your toxic aura wanes.
The wolf closely misses you. The cane toad barely misses you.
The wolf misses you.
Unknown command.
The stone arrow hits the wolf!
You kill the wolf!
Sif Muna accepts your kill. The cane toad closely misses you.
Unknown command.
The stone arrow hits the cane toad.
The cane toad barely misses you. The cane toad closely misses you.
Unknown command.
The stone arrow misses the cane toad.
The cane toad misses you.
The stone arrow hits the cane toad!
The cane toad misses you.
Unknown command.
You see here a wolf corpse.
Unknown command.
The stone arrow hits the cane toad.
The stone arrow hits the cane toad!
You kill the cane toad!
Sif Muna accepts your kill.
Unknown command.
You see here a wolf skeleton.
You start resting.
There is a stone staircase leading down here.
You climb downwards.
The elephant trumpets!
The death yak gores you!
The catoblepas breathes a plume of calcifying dust at you.
The blast of calcifying dust hits you!
The blast of calcifying dust hits the death yak!
There is a stone staircase leading up, spattered with blood here.
Danger!
Unknown command.
You are engulfed in calcifying dust.
You are slowing down.
The death yak is engulfed in calcifying dust.
The death yak is moving more slowly.
The death yak gores you!
* * * LOW HITPOINT WARNING * * *
The death yak misses you. The catoblepas closely misses you.
The death yak gores you but does no damage.
You climb upwards.
You have turned to stone.
The death yak gores you.
* * * LOW HITPOINT WARNING * * *
The death yak barely misses you. The catoblepas gores you.
* * * LOW HITPOINT WARNING * * *
The death yak closely misses you. The death yak gores you!
* * * LOW HITPOINT WARNING * * *
The death yak gores you!!
* * * LOW HITPOINT WARNING * * *
The catoblepas gores you!!
You die...

Skill      XL: |  1  2  3  4  5  6  7  8  9 10 11 12 |
---------------+-------------------------------------+-----
Poison Magic   | 4 6 8 9 10 | 10.0
Earth Magic    | 3 5 6 7 |  7.0
Spellcasting   | 6 7 9 |  9.0
Conjurations   | 3 |  3.0
Stealth        | 5 9 |  9.0
Fighting       | 2 |  2.0
Dodging        | 5 6 7 |  7.0
Invocations    | 3 7 |  7.0
Hexes          | 9 15 | 15.9
Transmutations | |  1.3

Action                     |  1- 3 |  4- 6 |  7- 9 | 10-12 | 13-15 || total
---------------------------+-------+-------+-------+-------+-------++-------
  Melee: Staff             |     3 |    48 |    17 |     7 |       ||    75
   Cast: Sting             |    26 |    12 |    12 |     1 |       ||    51
         Poisonous Vapours |    18 |    54 |    41 |    26 |       ||   139
         Olgreb's Toxic Ra |       |     8 |    27 |   150 |     8 ||   193
         Sandblast         |       |       |    60 |     2 |       ||    62
         Stone Arrow       |       |       |    13 |   154 |    20 ||   187
         Tukima's Dance    |       |       |       |     4 |       ||     4
    Use: Potion            |     1 |       |       |       |       ||     1
         Scroll            |       |    12 |       |    10 |     1 ||    23
   Stab: Sleeping          |       |     2 |       |       |       ||     2
 Armour: Robe              |     3 |     9 |    11 |     4 |     2 ||    29
  Dodge: Dodged            |    11 |    31 |    32 |    41 |    24 ||   139

Levels and vault maps discovered:
D:1:      arrival_aquarium_a, layout_basic, minmay_misc_feat_tiny, st_stairs_1,
          chequers_serial_rivers_small_3
D:2:      layout_basic, uniq_natasha, uniq_crazy_yiuf_cottage, uniq_robin,
          uniq_sigmund
D:3:      layout_basic
D:4:      layout_cave_pods, chequers_serial_rivers_room_b,
          dreamdust_princess_corridor
D:5:      layout_cave_pools, uniq_duvessa, uniq_eustachio
D:6:      layout_loops_ring, serial_shops, shop, uniq_pikel
D:7:      layout_loops_ring, nicolae_overflow_hidden_temple, temple_fountains,
          nicolae_shop_dragon_depot, kennysheep_generic_room_4
D:8:      layout_gridville
D:9:      layout_basic, gammafunk_ghost_hydra_chop, special_room
          [special_room_bee]
D:10:     layout_layer_cave, mainiacjoe_overflow_six_doors_small,
          hellmonk_lair_entry_icy, gammafunk_ghost_necromancy
D:11:     layout_cave_pools, orc_0_dummy, trog_hazing_becter
Temple:   nicolae_temple_bog_church
Lair:1:   layout_small_grid
Lair:2:   layout_cave_shapes, minmay_swamp_entry_worms,
          nicolae_spider_entry_non_spiders, chequers_serial_rivers_marsh
Orc:1:    layout_diamond_mine, gammafunk_ghost_abyssal_escape
Orc:2:    st_orc_open, layout_caves, nicolae_volcano_entry_vermiform

Notes
Turn   | Place    | Note
-------+----------+-------------------------------------------
     0 | D:1      | Sobieck the Spriggan Venom Mage began the quest for the
                  | Orb.
     0 | D:1      | Reached XP level 1. HP: 9/9 MP: 5/5
     6 | D:1      | Noticed an electric eel
   335 | D:1      | Reached XP level 2. HP: 13/13 MP: 2/6
   738 | D:1      | Learned a level 2 spell: Poisonous Vapours
  1095 | D:1      | Reached skill level 4 in Poison Magic
  1273 | D:2      | Noticed Sigmund
  1542 | D:2      | Reached XP level 3. HP: 16/16 MP: 0/8
  1648 | D:2      | Killed Sigmund
  1649 | D:2      | Reached skill level 6 in Poison Magic
  1649 | D:2      | Reached XP level 4. HP: 21/21 MP: 0/9
  1649 | D:2      | Reached XP level 5. HP: 24/24 MP: 0/10
  1773 | D:2      | Learned a level 4 spell: Olgreb's Toxic Radiance
  1885 | D:2      | Noticed Natasha
  1895 | D:2      | HP: 3/24 [Natasha/magic dart (7)]
  1903 | D:2      | Killed Natasha
  2133 | D:2      | Found a runed translucent door.
  2134 | D:2      | Noticed Crazy Yiuf
  2161 | D:2      | Noticed Robin
  2180 | D:2      | Killed Robin
  2672 | D:2      | Noticed Natasha
  2698 | D:2      | Killed Natasha
  2699 | D:2      | Reached XP level 6. HP: 28/28 MP: 6/11
  3253 | D:3      | Reached skill level 7 in Poison Magic
  4753 | D:4      | Reached skill level 8 in Poison Magic
  4926 | D:4      | Reached XP level 7. HP: 32/32 MP: 6/12
  5218 | D:5      | Entered Level 5 of the Dungeon
  5425 | D:5      | You pick up a book of Geomancy and begin reading...
  5425 | D:5      | You add the spells Sandblast, Passwall and Stone Arrow to
                  | your library.
  5438 | D:4      | Learned a level 1 spell: Sandblast
  5598 | D:5      | Noticed Duvessa
  5598 | D:5      | Noticed Dowan
  5622 | D:5      | Killed Duvessa
  5623 | D:5      | Reached skill level 1 in Earth Magic
  5626 | D:5      | Reached skill level 2 in Earth Magic
  5627 | D:5      | Killed Dowan
  5628 | D:5      | Reached skill level 9 in Poison Magic
  5728 | D:5      | Reached skill level 3 in Earth Magic
  5728 | D:5      | Reached XP level 8. HP: 21/36 MP: 10/13
  5915 | D:5      | You pick up a book of Geomancy and begin reading...
  6124 | D:5      | Noticed Eustachio
  6160 | D:5      | Killed Eustachio
  6161 | D:5      | Reached skill level 4 in Earth Magic
  6467 | D:6      | You pick up a book of Burglary and begin reading...
  6467 | D:6      | You add the spells Ensorcelled Hibernation and Swiftness to
                  | your library.
  6564 | D:6      | Reached skill level 10 in Poison Magic
  6641 | D:6      | Noticed Pikel
  6657 | D:6      | Killed Pikel
  6658 | D:6      | Reached skill level 5 in Earth Magic
  6658 | D:6      | Reached skill level 5 in Spellcasting
  6658 | D:6      | Reached skill level 6 in Spellcasting
  6658 | D:6      | Reached XP level 9. HP: 29/39 MP: 9/19
  6662 | D:6      | Learned a level 3 spell: Stone Arrow
  6791 | D:6      | Reached skill level 1 in Conjurations
  7107 | D:6      | Found Liutwucu's Jewellery Boutique.
  7127 | D:6      | Bought a ring of magical power for 280 gold pieces
  7392 | D:7      | Reached skill level 7 in Spellcasting
  7392 | D:7      | Reached skill level 2 in Conjurations
  7536 | D:7      | Found a staircase to the Ecumenical Temple.
  7545 | Temple   | Entered the Ecumenical Temple
  7617 | Temple   | Became a worshipper of Sif Muna the Loreminder
  7780 | D:7      | Reached skill level 3 in Conjurations
  7787 | D:7      | Found an ornate altar of the Wu Jian Council.
  7790 | D:7      | Found a bloodstained altar of Trog.
  7873 | D:5      | Reached skill level 4 in Stealth
  8021 | D:2      | Killed Crazy Yiuf
  8223 | D:7      | Reached skill level 5 in Stealth
  8488 | D:7      | Reached skill level 1 in Fighting
  8515 | D:7      | Found Michael's Dragon-Slaying Spoils.
  8724 | D:8      | Reached skill level 2 in Fighting
  8724 | D:8      | Reached skill level 3 in Dodging
  8813 | D:8      | Reached skill level 4 in Dodging
  8816 | D:8      | Reached skill level 5 in Dodging
  8826 | D:8      | Reached skill level 6 in Earth Magic
  8915 | D:8      | Reached XP level 10. HP: 46/46 MP: 21/21
  9332 | D:8      | You pick up a book of Air and begin reading...
  9332 | D:8      | You add the spells Shock and Airstrike to your library.
  9387 | D:9      | Reached * piety under Sif Muna
  9488 | D:9      | Reached skill level 7 in Earth Magic
  9532 | D:9      | Reached skill level 8 in Spellcasting
  9580 | D:9      | Reached skill level 9 in Spellcasting
  9628 | D:9      | Noticed a sixfirhy
  9631 | D:9      | Reached skill level 6 in Stealth
  9680 | D:9      | Reached skill level 7 in Stealth
  9754 | D:9      | Reached ** piety under Sif Muna
  9863 | D:9      | Reached skill level 8 in Stealth
 10083 | D:9      | Reached skill level 9 in Stealth
 10295 | D:9      | Reached skill level 1 in Invocations
 10505 | D:9      | Found a runed translucent gate.
 10505 | D:9      | Found a runed translucent gate.
 10506 | D:9      | Found a runed translucent gate.
 10508 | D:9      | Noticed a ten-headed hydra
 10509 | D:9      | Noticed Vadun's ghost (novice TrMo)
 10515 | D:9      | Noticed a nine-headed hydra
 10789 | D:10     | Entered Level 10 of the Dungeon
 10793 | D:10     | You pick up a book of Flames and begin reading...
 10793 | D:10     | You add the spells Inner Flame, Sticky Flame and Flame Wave
                  | to your library.
 10863 | D:10     | Found a runed translucent gate.
 10863 | D:10     | Found a runed translucent gate.
 10864 | D:10     | Found a runed translucent gate.
 10867 | D:10     | Noticed TrollFarmer's ghost (journeyman HOBe)
 10937 | D:10     | Reached skill level 2 in Invocations
 11091 | D:10     | Reached skill level 6 in Dodging
 11318 | D:10     | Reached skill level 3 in Invocations
 11421 | D:10     | Found a staircase to the Lair.
 11866 | D:10     | Reached XP level 11. HP: 50/50 MP: 18/25
 12180 | D:10     | Reached skill level 7 in Dodging
 12221 | D:10     | You add the spells Ignition and Discord to your library.
 12293 | D:10     | Found a hide-covered altar of Uskayaw.
 12444 | D:11     | Noticed a two-headed ogre
 12450 | D:11     | Killed a two-headed ogre
 12451 | D:11     | Reached skill level 2 in Hexes
 12451 | D:11     | Reached skill level 4 in Invocations
 12521 | D:11     | Reached *** piety under Sif Muna
 12575 | D:11     | Noticed a centaur warrior
 12636 | D:11     | Reached skill level 3 in Hexes
 12720 | D:11     | Found a staircase to the Orcish Mines.
 12768 | D:11     | Found a bloodstained altar of Trog.
 12811 | Orc:1    | Entered Level 1 of the Orcish Mines
 12816 | Orc:1    | Reached skill level 5 in Invocations
 12819 | Orc:1    | Reached skill level 4 in Hexes
 12938 | Orc:1    | Noticed an orc sorcerer
 12946 | Orc:1    | Noticed a sun demon
 12959 | Orc:1    | Killed an orc sorcerer
 12966 | Orc:1    | Noticed a hell hog
 12966 | Orc:1    | Noticed a large abomination
 12967 | Orc:1    | Noticed a large abomination
 12971 | Orc:1    | Found a one-way gate to the infinite horrors of the Abyss.
 12971 | Orc:1    | Found a transporter.
 12971 | Orc:1    | Noticed BlasphemerAmon's ghost (novice TrMo)
 12971 | Orc:1    | Noticed a rakshasa
 12976 | Orc:1    | Found a transporter.
 12980 | Orc:1    | Noticed a purple ugly thing
 13020 | Orc:1    | Reached skill level 5 in Hexes
 13151 | Orc:1    | Identified the +6 whip "Coitzaz" {drain, rN+ Will- Dex+5}
 13195 | Orc:1    | Noticed an orc warlord
 13513 | Orc:2    | Entered Level 2 of the Orcish Mines
 13522 | Orc:2    | Reached skill level 6 in Invocations
 13647 | Orc:2    | Reached **** piety under Sif Muna
 13717 | Orc:2    | Found a staircase to the Elven Halls.
 13781 | Orc:2    | Noticed an orc sorcerer
 13790 | Orc:2    | Killed an orc sorcerer
 13791 | Orc:2    | Reached skill level 6 in Hexes
 13904 | Orc:2    | Noticed an orc knight
 13906 | Orc:2    | Noticed an ogre mage
 13934 | Orc:2    | Killed an orc knight
 13935 | Orc:2    | Reached skill level 7 in Invocations
 13937 | Orc:2    | Killed an ogre mage
 13938 | Orc:2    | Reached skill level 7 in Hexes
 14021 | Orc:2    | Reached skill level 8 in Hexes
 14094 | Orc:2    | Noticed a two-headed ogre
 14106 | Orc:2    | Killed a two-headed ogre
 14129 | Orc:2    | Noticed a two-headed ogre
 14134 | Orc:2    | Killed a two-headed ogre
 14135 | Orc:2    | Reached skill level 9 in Hexes
 14144 | Orc:2    | Reached XP level 12. HP: 54/54 MP: 19/26
 14181 | Orc:2    | Noticed a two-headed ogre
 14191 | Orc:2    | Killed a two-headed ogre
 14192 | Orc:2    | Reached skill level 10 in Hexes
 14277 | Orc:2    | Noticed a two-headed ogre
 14279 | Orc:2    | Reached skill level 11 in Hexes
 14442 | Orc:2    | Killed a two-headed ogre
 14495 | Orc:2    | Noticed a two-headed ogre
 14501 | Orc:2    | Reached skill level 12 in Hexes
 14505 | Orc:2    | Killed a two-headed ogre
 14517 | Orc:2    | Reached ***** piety under Sif Muna
 14519 | Orc:2    | Noticed a two-headed ogre
 14610 | Orc:2    | Killed a two-headed ogre
 14651 | Orc:2    | Reached skill level 13 in Hexes
 14658 | Orc:2    | Noticed a two-headed ogre
 14675 | Orc:2    | Killed a two-headed ogre
 14729 | Orc:2    | Noticed a two-headed ogre
 14739 | Orc:2    | Killed a two-headed ogre
 14740 | Orc:2    | Reached skill level 14 in Hexes
 14834 | Orc:2    | Noticed an ogre mage
 14863 | Orc:2    | Killed an ogre mage
 14942 | Orc:2    | Received a gift from Sif Muna
 14943 | Orc:2    | You add the spells Slow, Tukima's Dance, Silence and Yara's
                  | Violent Unravelling to your library.
 14943 | Orc:2    | Got Wiwugyrph's Volume of Enchantment {god gift}
 14948 | Orc:2    | Learned a level 3 spell: Tukima's Dance
 15048 | Orc:2    | Reached skill level 15 in Hexes
 15089 | Orc:2    | Found Qirowy's Magic Scroll Shoppe.
 15090 | Orc:2    | Found Buipinwa's Assorted Antiques.
 15091 | Orc:2    | Found Askerupt's Weapon Emporium.
 15092 | Orc:2    | Found Mahuuwad's General Store.
 15118 | Orc:2    | Bought a scroll labelled DOYR EVEWUHAP for 22 gold pieces
 15650 | D:6      | Bought a ring of wizardry for 420 gold pieces
 15768 | Lair:1   | Entered Level 1 of the Lair of Beasts
 15994 | Lair:1   | Learned a level 5 spell: Yara's Violent Unravelling
 16000 | Lair:1   | Learned a level 5 spell: Silence
 16009 | Lair:1   | Learned a level 8 spell: Discord
 16196 | Lair:1   | You add the spells Ignite Poison and Vhi's Electric Charge
                  | to your library.
 16196 | Lair:1   | Got the Annotations on the Evolved Wind
 16223 | Lair:1   | Reached XP level 13. HP: 58/58 MP: 27/27
 16243 | Lair:1   | You pick up a book of Scorching and begin reading...
 16243 | Lair:1   | You add the spells Scorch and Summon Cactus Giant to your
                  | library.
 16957 | Lair:1   | HP: 8/58 [death yak (9)]
 16957 | Lair:1   | Slain by a catoblepas

Vanquished Creatures
  2 ogre magi (Orc:2)
  9 two-headed ogres
  2 deep trolls (Orc:2)
  A lindwurm (Orc:2)
  2 orc knights (Orc:2)
  Pikel (D:6)
  4 orc sorcerers
  3 cyclopes
  2 cane toads (Lair:1)
  A rime drake (D:10)
  A kobold demonologist (D:9)
  A queen bee (D:9)
  8 trolls (Orc:2)
  Sigmund (D:2)
  A wraith (D:10)
  9 yaks
  Eustachio (D:5)
  2 wyverns
  A steam dragon (D:8)
  2 wargs (Orc:1)
  Duvessa (D:5)
  3 water moccasins
  19 orc warriors
  A sky beast (D:7)
  A black bear (D:5)
  4 ice beasts
  25 ogres
  14 wolves
  4 centaurs
  A phantom (D:5)
  2 kobold brigands
  6 bullfrogs
  3 gnoll sergeants
  4 scorpions
  Dowan (D:5)
  9 wights
  31 killer bees
  4 jellies
  20 orc priests
  7 hounds
  Crazy Yiuf (D:2)
  A sleepcap (D:8)
  Natasha (twice) (D:2)
  15 orc wizards
  Robin (D:2)
  14 gnolls
  6 adders
  2 shadow imps
  4 white imps
  An ufetubus (D:5)
  A worm (D:3)
  3 dart slugs
  58 orcs
  8 endoplasms
  13 goblins
  18 hobgoblins
  8 ball pythons
  4 bats
  A frilled lizard (D:2)
  18 kobolds
  8 rats
401 creatures vanquished.

Vanquished Creatures (others)
  5 plants (D:9)
5 creatures vanquished.

Grand Total: 406 creatures vanquished

Table legend:
 A = Non-vault XP
 B = Vault XP
 C = Vault XP percentage of total XP
 D = Non-vault monster count
 E = Vault monster count
 F = Vault count percentage of total count
                 A         B        C        D         E       F
            +---------+---------+-------+---------+---------+-------
      Total |   20687 |   19746 |  48.8 |     303 |      98 |  24.4
            +---------+---------+-------+---------+---------+-------
        D:1 |      28 |       3 |   9.7 |      15 |       3 |  16.7
        D:2 |      69 |     353 |  83.6 |      14 |      16 |  53.3
        D:3 |     115 |       0 |   0.0 |      24 |       0 |   0.0
        D:4 |     327 |       0 |   0.0 |      16 |       0 |   0.0
        D:5 |     874 |     428 |  32.9 |      18 |       3 |  14.3
        D:6 |     820 |     629 |  43.4 |      22 |       1 |   4.3
        D:7 |     724 |       0 |   0.0 |      15 |       0 |   0.0
        D:8 |    1469 |       0 |   0.0 |      17 |       0 |   0.0
        D:9 |    1836 |    1875 |  50.5 |      44 |      26 |  37.1
       D:10 |     929 |     894 |  49.0 |      14 |       5 |  26.3
       D:11 |    2314 |       9 |   0.4 |      11 |       6 |  35.3
     Lair:1 |    3051 |       0 |   0.0 |      20 |       0 |   0.0
     Lair:2 |     119 |       0 |   0.0 |       1 |       0 |   0.0
      Orc:1 |    2150 |     116 |   5.1 |      27 |       1 |   3.6
      Orc:2 |    5862 |   15439 |  72.5 |      45 |      37 |  45.1
            +---------+---------+-------+---------+---------+-------

Skill      XL: |  1  2  3  4  5  6  7  8  9 10 11 12 |
---------------+-------------------------------------+-----
Poison Magic   | 4 6 8 9 10 | 10.0
Earth Magic    | 3 5 6 7 |  7.0
Spellcasting   | 6 7 9 |  9.0
Conjurations   | 3 |  3.0
Stealth        | 5 9 |  9.0
Fighting       | 2 |  2.0
Dodging        | 5 6 7 |  7.0
Invocations    | 3 7 |  7.0
Hexes          | 9 15 | 15.9
Transmutations | |  1.3

Action                     |  1- 3 |  4- 6 |  7- 9 | 10-12 | 13-15 || total
---------------------------+-------+-------+-------+-------+-------++-------
  Melee: Staff             |     3 |    48 |    17 |     7 |       ||    75
   Cast: Sting             |    26 |    12 |    12 |     1 |       ||    51
         Poisonous Vapours |    18 |    54 |    41 |    26 |       ||   139
         Olgreb's Toxic Ra |       |     8 |    27 |   150 |     8 ||   193
         Sandblast         |       |       |    60 |     2 |       ||    62
         Stone Arrow       |       |       |    13 |   154 |    20 ||   187
         Tukima's Dance    |       |       |       |     4 |       ||     4
    Use: Potion            |     1 |       |       |       |       ||     1
         Scroll            |       |    12 |       |    10 |     1 ||    23
   Stab: Sleeping          |       |     2 |       |       |       ||     2
 Armour: Robe              |     3 |     9 |    11 |     4 |     2 ||    29
  Dodge: Dodged            |    11 |    31 |    32 |    41 |    24 ||   139

Illustrated notes

Table legend:
 A = Kills in this place as a percentage of kills in the entire game.
 B = Kills by you in this place as a percentage of kills by you in the entire game.
 C = Kills by friends in this place as a percentage of kills by friends in the entire game.
 D = Other kills in this place as a percentage of other kills in the entire game.
 E = Experience gained in this place as a percentage of experience gained in the entire game.
 F = Experience gained in this place divided by the number of levels of this place that you have seen.
                   A       B       C       D       E      F
               +-------+-------+-------+-------+-------+----------------------
         Total | 100.0 | 100.0 |   N/A |   N/A | 100.0 | 2527.1
       Dungeon |  67.3 |  67.3 |   N/A |   N/A |  33.9 | 1245.1
          Lair |   5.2 |   5.2 |   N/A |   N/A |   7.8 | 1585.0
  Orcish Mines |  27.4 |  27.4 |   N/A |   N/A |  58.3 | 11783.5
               +-------+-------+-------+-------+-------+----------------------

Table legend: (Time is in decaauts)
 A = Elapsed time spent in this place.
 B = Non-inter-level travel time spent in this place.
 C = Inter-level travel time spent in this place.
 D = Time resting spent in this place.
 E = Time spent auto-exploring this place.
 F = Levels seen in this place.
 G = Mean time per level.
                   A        B        C        D        E       F      G
               +--------+--------+--------+--------+--------+-----+--------+
         Total |  12329 |  11524 |    805 |   1978 |   7056 |  16 |  770.6 |
       Dungeon |   9358 |   8682 |    676 |   1335 |   5543 |  11 |  850.7 |
        Temple |     56 |     45 |     11 |      0 |     32 |   1 |   56.0 |
          Lair |    717 |    686 |     31 |     43 |    468 |   2 |  358.5 |
  Orcish Mines |   2197 |   2112 |     85 |    600 |   1012 |   2 | 1098.5 |
               +--------+--------+--------+--------+--------+-----+--------+

Top non-repeatable levels by time:
     D:2: 1419 daAuts
   Orc:2: 1256 daAuts
    D:10: 1111 daAuts
     D:9: 1057 daAuts
     D:4: 1017 daAuts
   Orc:1: 941 daAuts
     D:3: 937 daAuts
     D:1: 870 daAuts
  Lair:1: 705 daAuts
     D:6: 704 daAuts
     D:5: 676 daAuts
     D:8: 651 daAuts
     D:7: 576 daAuts
    D:11: 334 daAuts
  Temple: 56 daAuts
